Map: King's Cove LE

Players

RabeLais

  • Race: Terran Terran
  • Spawn Location: 5:00

A.I. 1 (Medium) - Winner!

  • Race: Protoss Protoss
  • Spawn Location: 11:00

VOD

Have the link to the VOD?

Description

Same opener as our previous safe mech openers. See https://lotv.spawningtool.com/45405/ .

First digression: Starport makes reactor after medivac, then start another cyclone after widow mine is completed.

Add three factories as gas flows in, then cyclone upgrade. Factory 2 takes rax's reactor. Factory 3 takes starport's reactor. Factory 4 will take starport's tech lab. Rax makes reactor. Starport stays add-on free. Add an ebay for turrets (and potentially armory for DC, +1 armor but also turrets for the push as was made in the replay). Watch that supply need explosion around 5:50 ... keep up with making supplies!

Pump out 1 viking, 2 marines, 2 cyclones, 4 widow mines per cycle (yeah that's alot of crap I know, but all that stuff does decently well against phoenix play esp. if you can add the turrets up front). Stop SCV production for extra oumph. This comp has been adjusted with our CPC spreadsheet for optimal gas and mineral spending.

THE PUSH

Move out as cyclone upgrade is 80% done. Grab extra SCVs on natural and don't forget to recuperate those marines from the earlier drop if still alive. Make sure to hotkeys the WM for quick burrow (M for us, they replace the tanks). Push the natural if you're feeling ballsy enough to end the game there. Push the third if not and drop your own 3rd CC behind. Drop the turrets/bunkers ASAP and burrow the mines as soon as he shows up (M - I, just like sieging tanks for us).

TRANSITION

How to transition? To be worked out!

Time

  • Played on: Feb. 8, 2019, 9:21 a.m.
  • Length: 8:08
Show
View Real Time Build Order
Export as new Build Order

RabeLais Terran 

Build Orders: Reaper Expand 

Get SALT Encoding   

  12  0:01  SCV  
  13  0:13  SCV  
  14  0:18  Supply Depot  
  14  0:25  SCV  
  15  0:39  SCV  
  15  0:41  Barracks  
  16  0:47  Refinery  
  16  0:52  SCV  
  17  1:04  SCV  
  18  1:16  SCV  
  19  1:28  Orbital Command  
  19  1:30  Reaper  
  20  1:45  Command Center  
  20  1:54  Supply Depot  
  20  1:56  SCV  
  21  2:02  Marine  
  22  2:08  SCV  
  23  2:15  Factory  
  23  2:20  Refinery  
  23  2:21  SCV  
  24  2:25  Barracks Reactor  
  24  2:33  SCV  
  25  2:45  SCV  
  26  2:57  SCV  
  27  2:59  Orbital Command  
  27  3:00  Factory Tech Lab  
  27  3:01  Starport  
  27  3:02  Marine x2  
  29  3:09  SCV  
  30  3:20  Marine x2  
  30  3:21  SCV  
  30  3:25  Cyclone  
  36  3:27  SCV  
  36  3:33  SCV  
  38  3:34  Supply Depot  
  38  3:39  Medivac, SCV  
  41  3:44  Marine, Bunker  
  41  3:45  Marine, SCV  
  44  3:51  SCV  
  45  3:56  Refinery  
  45  3:57  Widow Mine, SCV  
  45  4:00  Refinery  
  48  4:03  SCV  
  48  4:09  SCV  
  50  4:10  Supply Depot  
  50  4:13  Supply Depot  
  50  4:15  Starport Reactor, SCV  
  51  4:18  Cyclone  
  54  4:31  Marine x2, SCV x2  
  58  4:40  Factory  
  58  4:42  Factory  
  58  4:44  SCV x2  
  58  4:45  Supply Depot  
  60  4:50  Marine  
  60  4:51  Factory  
  61  4:56  SCV  
  62  5:02  Starport Tech Lab  
  62  5:07  SCV  
  62  5:08  SCV  
  64  5:18  Mag-Field Accelerator, Engineering Bay  
  64  5:19  Armory, SCV  
  64  5:20  SCV  
  65  5:21  Supply Depot  
  63  5:33  Supply Depot, Barracks Reactor  
  63  5:34  Cyclone, Widow Mine x2  
  63  5:35  SCV  
  71  5:42  Widow Mine x2  
  75  5:49  SCV x2  
  76  5:58  Cyclone  
  76  6:00  Widow Mine  
  76  6:01  Widow Mine, SCV x2  
  76  6:03  Supply Depot  
  76  6:04  Supply Depot  
  85  6:10  Viking  
  87  6:12  Terran Vehicle And Ship Armor Level 1  
  87  6:16  Widow Mine x2  
  91  6:21  Cyclone  
  94  6:26  Supply Depot x2  
  94  6:30  Widow Mine x2  
  94  6:31  Marine x2  
  100  6:45  Cyclone  
  100  6:46  Widow Mine x2  
  107  6:53  Viking, Supply Depot  
  107  6:54  Cyclone  
  112  6:55  Missile Turret, Widow Mine  
  114  7:05  Widow Mine  
  114  7:07  Widow Mine  
  118  7:17  Missile Turret, Cyclone  
  118  7:18  Missile Turret  
  121  7:26  Widow Mine x2, Cyclone, Hellion  
  121  7:28  Hellion  
  132  7:36  Bunker  
  129  7:52  Command Center  
  129  7:57  Supply Depot x2  
Show
View Real Time Build Order
Export as new Build Order

A.I. 1 (Medium) Protoss - Winner!

Build Orders:  

Get SALT Encoding   

  12  0:00  Probe  
  13  0:13  Probe  
  14  0:21  Pylon  
  14  0:25  Probe  
  15  0:35  Probe  
  16  0:43  Probe  
  16  0:49  Assimilator  
  17  0:52  Gateway, Probe  
  18  1:00  Pylon  
  18  1:28  Gateway  
  18  1:33  Assimilator  
  18  1:38  Zealot  
  18  1:44  Cybernetics Core  
  20  1:57  Zealot  
  22  2:09  Pylon  
  22  2:15  Zealot  
  24  2:20  Warp Gate  
  24  2:26  Stalker  
  26  2:33  Probe  
  27  2:40  Adept  
  29  2:46  Probe  
  30  2:53  Pylon  
  30  2:56  Stalker  
  30  2:58  Probe  
  33  3:09  Forge  
  33  3:10  Probe  
  34  3:22  Probe  
  35  3:34  Probe  
  36  4:56  Probe  
  36  5:00  Sentry  
  36  5:01  Photon Cannon  
  36  5:04  Pylon  
  36  5:05  Probe  
  39  5:08  Photon Cannon  
  39  5:13  Stalker  
  37  5:15  Probe  
  38  5:23  Robotics Facility  
  38  5:26  Stalker, Stargate  
  38  5:27  Pylon, Probe  
  41  5:29  Twilight Council  
  41  5:39  Sentry, Probe  
  40  5:51  Sentry, Probe  
  35  6:03  Probe  
  36  6:04  Adept  
  36  6:06  Observer  
  38  6:17  Adept  
  41  6:24  Observer  
  41  6:30  Stalker  
  44  6:39  Nexus  
  44  6:43  Zealot  
  46  6:56  Zealot  
  47  7:09  Stalker  
  49  7:38  Sentry  
  29  7:59  Adept  
Tags
 
Add a new tag
Caveats
  • Supply blocks, unpowered buildings, or Contaminate may cause inaccurate times.
  • Supply counts are checked every 10 seconds.